Cogmind - Beta 10.2 @@@ ROGUE MODE // 2021.12.12 @ 03:00:33 Player: Azken Zutik Result: Escaped! Performance ------------- Evolutions (9) 4500 Regions Visited (30) 6000 Robots Destroyed (295) 1475 Value Destroyed (13670) 13670 Prototype IDs (61) 1220 Alien Tech Used (2) 400 Bonus (14306) 14306 TOTAL SCORE: 41571 Bonus ------- High Alert Combat Kills 563 Follower Combat Kills 2794 Network Hubs Disabled 200 Aligned with FarCom 300 Met Data Miner 300 Met Zhirov 300 Met Warlord at Base 500 MAIN.C Attacked Warlord 500 Warlord Defense Kill 240 Built Enhanced Grunts 300 A7 Reached Mainframe 300 Met R17 at Cetus 500 Met R17 at Research 2000 Met Warlord at Research 2000 Invited to Help at Command 2000 Win 3000 Friendly Fire -1491 Cogmind --------- Core Integrity 1417/1600 Matter 300/300 Energy 599/620 System Corruption 27% Temperature Cool (10) Movement Treading (173) Ox1 Location To Epsilon Eridani Parts ------- > --- POWER (3) -------- Reinforced Fission Core Light Antimatter Reactor Particle Reactor > --- PROPULSION (6) --- Armored Heavy Treads Biometal Heavy Treads Biometal Heavy Treads > --- UTILITY (12) ----- Advanced Heat Sink High-capacity Storage Unit High-capacity Storage Unit High-capacity Storage Unit High-capacity Storage Unit High-capacity Storage Unit Advanced Target Analyzer Advanced Armor Integrity Analyzer Advanced Phase Shifter Centrium Medium Armor Plating Centrium Medium Armor Plating Long-range Tractor Beam > --- WEAPON (4) ------- KE Penetrator Railgun Railgun Great Axe > --- INVENTORY (44) --- Armored Heavy Treads High-capacity Storage Unit Experimental Energy Well (1000) Compact Matter Pod (150) Compact Matter Pod (150) Advanced Phase Shifter Centrium Medium Armor Plating Advanced Hacking Suite Advanced Hacking Suite System Shield Advanced System Shield Improved Dynamic Insulation System Field Recycling Unit (0) Advanced Variable Charge Gun Vortex Rifle Coil Gun Coil Gun Heavy Machine Gun KE Penetrator Railgun Railgun Hypervelocity Railgun Helical Railgun Improved Proton Missile Launcher Gamma Bomb Array Grenade Launcher Rocket Launcher Heavy Missile Launcher Micro-nuke Launcher Advanced Datajack Remote Datajack Advanced Remote Datajack Plasma Cutter Deploy-a-Sentry Peak State ------------ > --- POWER ------------ Reinforced Fission Core Light Antimatter Reactor Particle Reactor > --- PROPULSION ------- Biometal Heavy Treads Biometal Heavy Treads Biometal Heavy Treads > --- UTILITY ---------- Disposable Heat Sink High-capacity Storage Unit High-capacity Storage Unit High-capacity Storage Unit High-capacity Storage Unit High-capacity Storage Unit Advanced Target Analyzer Advanced Armor Integrity Analyzer Advanced Phase Shifter Centrium Medium Armor Plating Centrium Medium Armor Plating Long-range Tractor Beam > --- WEAPON ----------- KE Penetrator Railgun Railgun Hypervelocity Railgun > --- INVENTORY -------- Armored Heavy Treads Armored Heavy Treads Advanced Heat Sink High-capacity Storage Unit Experimental Energy Well Compact Matter Pod Compact Matter Pod Advanced Phase Shifter Centrium Medium Armor Plating Advanced Hacking Suite Advanced Hacking Suite System Shield Advanced System Shield Improved Dynamic Insulation System Field Recycling Unit Advanced Variable Charge Gun Vortex Rifle Coil Gun Coil Gun Heavy Machine Gun Railgun Railgun Helical Railgun Improved Proton Missile Launcher Gamma Bomb Array Grenade Launcher Rocket Launcher Heavy Missile Launcher Micro-nuke Launcher Advanced Datajack Remote Datajack Advanced Remote Datajack Plasma Cutter Great Axe Deploy-a-Sentry [Rating: 175] Favorites ----------- Power Heavy Deuterium Engine Engine Heavy Deuterium Engine Power Core Reinforced Fission Core Reactor Quantum Reactor Propulsion Improved Medium Treads Treads Improved Medium Treads Utility High-capacity Storage Unit Device Disposable Heat Sink Storage High-capacity Storage Unit Processor Signal Interpreter Protection Light Regenerative Plating Weapon Gauss Rifle Energy Gun Improved EM Shotgun Energy Cannon Light EM Pulse Cannon Ballistic Gun Gauss Rifle Ballistic Cannon Gauss Cannon Launcher Grenade Launcher Special Weapon Remote Datajack Impact Weapon Heavy Hammer Slashing Weapon Ripper Build | -11 -10 -10 -9 -9 -9 -8 -8 -7 -7 -7 -7 -6 -6 -6 -6 -6 -6 -5 -5 -5 -5 -4 -4 -4 -4 -4 -3 -3 -2 -1 ------- Run | Scr Mat Min Mat Min Exi Min Mat Fac Low Low Dat Pro Fac Ext Cet Arc Hub Fac Upp Upp War Pro Fac Upp Upp Zhi Pro Res Res Acc Slots Evolved 18 | . . . 2 . . . 2 2 . . . . 2 . . . . 2 . . . . 2 . . . . 2 2 2 Power 2 | . . . . . . . . . . . . . . . . . . 1 . . . . . . . . . 1 . . Propulsion 4 | . . . . . . . . . . . . . 2 . . . . . . . . . . . . . . . 2 . Utility 10 | . . . 2 . . . 1 1 . . . . . . . . . 1 . . . . 2 . . . . 1 . 2 Weapon 2 | . . . . . . . 1 1 . . . . . . . . . . . . . . . . . . . . . . Parts Attached 285 | 7 11 1 23 2 2 1 21 5 9 1 . 4 9 24 5 10 6 27 7 2 7 2 4 . 4 3 9 34 11 34 Power 23 | 1 2 . 3 1 . . 1 . 1 . . . . 1 1 . . 1 . . 1 . . . . . . 5 3 2 Engine 11 | 1 2 . 3 1 . . 1 . 1 . . . . 1 . . . 1 . . . . . . . . . . . . Core 1 | . . . . . . . . . . . . . . . . . . . . . . . . . . . . 1 . . Reactor 11 | . . . . . . . . . . . . . . . 1 . . . . . 1 . . . . . . 4 3 2 Propulsion 43 | 2 1 . 5 . . 1 6 . . . . 1 2 8 . 2 2 1 1 . . . . . 1 . 2 3 2 3 Treads 43 | 2 1 . 5 . . 1 6 . . . . 1 2 8 . 2 2 1 1 . . . . . 1 . 2 3 2 3 Leg . | . . . . . . . . . . . . . . . . . . . . . . . . . . . . . . . Wheel . | . . . . . . . . . . . . . . . . . . . . . . . . . . . . . . . Hover . | . . . . . . . . . . . . . . . . . . . . . . . . . . . . . . . Flight . | . . . . . . . . . . . . . . . . . . . . . . . . . . . . . . . Utility 74 | 2 3 1 6 . 2 . 4 2 1 . . 1 3 6 . 2 1 7 . . 5 . 2 . 1 3 1 8 1 12 Device 21 | . . . . . . . . . . . . . 1 1 . . 1 3 . . 3 . 1 . 1 3 . 3 . 4 Storage 18 | 2 3 1 3 . 2 . . 1 . . . . 2 1 . . . 1 . . 1 . . . . . . 1 . . Processor 7 | . . . 2 . . . . 1 . . . . . . . . . 1 . . . . . . . . . 1 . 2 Hackware . | . . . . . . . . . . . . . . . . . . . . . . . . . . . . . . . Protection 28 | . . . 1 . . . 4 . 1 . . 1 . 4 . 2 . 2 . . 1 . 1 . . . 1 3 1 6 Artifact . | . . . . . . . . . . . . . . . . . . . . . . . . . . . . . . . Weapon 145 | 2 5 . 9 1 . . 10 3 7 1 . 2 4 9 4 6 3 18 6 2 1 2 2 . 2 . 6 18 5 17 Energy Gun 9 | . . . . . . . 2 1 . . . . . . 1 . . . . . . . . . . . 1 1 1 2 Energy Cannon 6 | . . . 5 1 . . . . . . . . . . . . . . . . . . . . . . . . . . Ballistic Gun 73 | 2 2 . . . . . 5 2 4 . . 2 2 5 3 5 1 8 4 . 1 1 . . . . 3 12 3 8 Ballistic Cannon 2 | . . . . . . . . . . . . . . 1 . . . 1 . . . . . . . . . . . . Launcher 29 | . 3 . 4 . . . . . 3 . . . . 1 . . . 6 2 1 . 1 1 . 1 . 1 2 . 3 Special Weapon 4 | . . . . . . . . . . . . . . 1 . 1 . . . . . . . . 1 . . . . 1 Impact Weapon 3 | . . . . . . . 3 . . . . . . . . . . . . . . . . . . . . . . . Slashing Weapon 19 | . . . . . . . . . . 1 . . 2 1 . . 2 3 . 1 . . 1 . . . 1 3 1 3 Piercing Weapon . | . . . . . . . . . . . . . . . . . . . . . . . . . . . . . . . Special Melee Weapon . | . . . . . . . . . . . . . . . . . . . . . . . . . . . . . . . Unidentified Prototypes 16 | . . . 1 . . . 3 . . . . . 1 . 2 2 . . . . 2 . . . . 2 1 1 1 . Parts Lost 46 | . 1 . 1 1 . . . 1 2 . . . . 8 . . 1 2 2 . . . . . 1 . 2 13 . 11 Power 4 | . . . . . . . . . . . . . . . . . . . . . . . . . . . . 3 . 1 Propulsion 5 | . 1 . . . . . . . . . . . . 2 . . . . 1 . . . . . . . . . . 1 Utility 19 | . . . . . . . . . 1 . . . . 2 . . 1 2 . . . . . . 1 . 1 5 . 6 Weapon 18 | . . . 1 1 . . . 1 1 . . . . 4 . . . . 1 . . . . . . . 1 5 . 3 Highest Loss Streak 5 | . 1 . 1 1 . . . 1 2 . . . . 3 . . 1 1 2 . . . . . 1 . 1 5 . 3 Average Slot Usage (%) 93 | . 99 100 99 99 100 100 99 95 97 98 92 96 100 99 100 78 93 93 93 94 90 88 85 89 88 89 88 82 81 83 Engine 4 | . 14 14 11 11 11 11 9 7 7 7 7 7 6 6 . . . 5 5 5 2 . . . . . . . . . Reactor 3 | . . . . . . . . . . . . . . . 5 6 6 5 5 5 5 5 5 5 5 5 5 8 8 7 Treads 17 | . 27 28 22 22 22 22 18 15 15 15 15 14 26 25 26 13 20 16 16 17 17 17 15 15 14 15 15 9 13 11 Device 4 | . . . . . . . . . . . . . 3 5 6 6 6 4 5 5 5 5 10 10 9 10 8 8 8 6 Storage 26 | . 28 28 25 33 39 44 36 30 30 30 30 30 26 26 26 26 26 24 23 23 23 23 21 21 21 21 21 22 21 20 Processor 4 | . . . 11 11 4 . . 5 7 7 7 7 2 . . . . 3 5 5 5 5 5 5 5 5 5 2 4 10 Protection 6 | . . . 7 . . . 8 7 5 7 7 7 6 6 6 6 6 4 5 5 5 5 6 10 10 10 10 7 3 8 Energy Cannon 2 | . . . 18 10 11 11 5 . . . . . . . . . . . . . . . . . . . . . . . Ballistic Gun 15 | . 20 14 1 . . . 15 12 19 20 7 17 17 22 19 12 23 19 15 17 18 19 15 15 15 15 14 16 16 14 Launcher 3 | . 7 14 2 11 11 11 . . 6 7 7 7 4 . . . . . 4 5 . 2 3 5 4 5 5 . . . Naked Turns . | . . . . . . . . . . . . . . . . . . . . . . . . . . . . . . . Heaviest Build 272 | 17 52 76 95 97 145 145 152 155 172 172 170 170 154 164 179 179 176 219 192 190 190 195 200 200 200 200 203 258 254 272 Greatest Support 225 | 40 40 40 40 40 40 40 40 40 40 40 40 48 88 120 120 160 140 140 140 140 140 140 140 140 140 138 138 140 195 225 Greatest Overweight (x) 4 | . 1 1 2 2 3 3 3 3 4 4 4 4 1 3 1 1 1 1 1 1 1 1 1 1 1 1 1 2 1 1 Average Overweight (x) 1 | . . 1 1 2 2 3 3 3 3 4 4 3 1 1 1 1 1 1 1 1 1 1 1 1 1 1 1 1 1 1 Largest Inventory Capacity 44 | 8 16 20 26 26 36 36 36 36 36 36 36 36 36 36 36 36 36 44 36 36 36 36 36 36 36 36 36 44 44 44 Average Capacity 35 | 6 13 18 21 26 31 36 36 36 36 36 36 36 36 36 36 36 36 38 36 36 36 36 36 36 36 36 36 43 44 44 Most Carried 44 | 2 16 17 26 26 31 33 36 36 36 36 36 36 36 36 36 36 36 36 36 36 36 36 35 35 35 36 36 44 44 43 Average Carried 33 | 1 11 16 20 25 27 31 35 35 35 35 36 35 34 32 35 35 35 34 35 35 35 35 35 35 34 34 35 41 38 39 Final Capacity 44 | 8 16 20 26 26 36 36 36 36 36 36 36 36 36 36 36 36 36 36 36 36 36 36 36 36 36 36 36 44 44 44 Final Carried 44 | 2 16 17 26 26 31 33 36 36 36 36 36 35 36 36 36 36 35 36 35 36 36 36 35 35 34 36 36 40 44 35 Class Distribution -------------------- 52% | Hauler-Mutant 19% | Hauler-Tank 13% | Hauler-Skirmisher 4% | Mutant 3% | Scavenger-Gunner Dominant Class ---------------- Mutant | -10/Materials Hauler-Mutant | -10/Mines Hauler-Mutant | -9/Materials Hauler-Mutant | -9/Mines Hauler-Mutant | -9/Exiles Hauler-Mutant | -8/Mines Hauler-Skirmisher | -8/Materials Hauler-Mutant | -7/Factory Hauler-Tank | -7/Lower Caves Hauler-Tank | -7/Lower Caves Hauler-Mutant | -7/Data Miner Hauler-Tank | -6/Proximity Caves Hauler-Mutant | -6/Factory Hauler-Tank | -6/Extension Hauler-Tank | -6/Cetus Hauler-Mutant | -6/Archives Hauler-Mutant | -6/Hub_04(d) Hauler-Mutant | -5/Factory Hauler-Mutant | -5/Upper Caves Hauler-Mutant | -5/Upper Caves Hauler-Mutant | -5/Warlord Hauler-Mutant | -4/Proximity Caves Hauler-Mutant | -4/Factory Hauler-Mutant | -4/Upper Caves Hauler-Mutant | -4/Upper Caves Hauler-Mutant | -4/Zhirov Hauler-Mutant | -3/Proximity Caves Hauler-Skirmisher | -3/Research Hauler-Skirmisher | -2/Research Scavenger-Gunner | -1/Access Resources | -11 -10 -10 -9 -9 -9 -8 -8 -7 -7 -7 -7 -6 -6 -6 -6 -6 -6 -5 -5 -5 -5 -4 -4 -4 -4 -4 -3 -3 -2 -1 ----------- Run | Scr Mat Min Mat Min Exi Min Mat Fac Low Low Dat Pro Fac Ext Cet Arc Hub Fac Upp Upp War Pro Fac Upp Upp Zhi Pro Res Res Acc Matter Collected 10444 | 271 692 50 799 135 . 70 448 95 253 18 . 278 142 822 253 179 110 998 406 118 172 48 . 75 190 . 308 1236 480 1798 Remotely 2720 | . . . . . . . . . . . . . . . . . . . . . 82 . . . . . . 797 480 1361 Salvage Created 14575 | 61 506 119 1513 215 . 93 725 182 326 . . 316 201 570 77 . 259 1283 574 67 128 170 . 197 1202 . 1298 1488 478 2527 Parts 644 | 3 30 8 73 19 . 4 50 8 9 . . 6 6 17 3 . 8 69 20 . 6 7 . 7 30 . 36 56 24 145 Haulers Intercepted 8 | . 1 . 5 . . . 2 . . . . . . . . . . . . . . . . . . . . . . . Recyclers Shooed 2 | . 1 . . . . . . . . . . . . 1 . . . . . . . . . . . . . . . . Parts Field Recycled . | . . . . . . . . . . . . . . . . . . . . . . . . . . . . . . . Retrieved Matter . | . . . . . . . . . . . . . . . . . . . . . . . . . . . . . . . Parts Self-Destructed 99 | . . . . . . . . . 5 . . 9 . . . . . . 6 1 54 . . 3 13 . 8 . . . Prevented 78 | . . . . . . . . . . . . . . . . . . . 14 2 9 7 . 2 20 . 24 . . . Kills | -11 -10 -10 -9 -9 -9 -8 -8 -7 -7 -7 -7 -6 -6 -6 -6 -6 -6 -5 -5 -5 -5 -4 -4 -4 -4 -4 -3 -3 -2 -1 ------- Run | Scr Mat Min Mat Min Exi Min Mat Fac Low Low Dat Pro Fac Ext Cet Arc Hub Fac Upp Upp War Pro Fac Upp Upp Zhi Pro Res Res Acc Combat Hostiles Destroyed 257 | . 12 4 34 11 . 3 15 2 13 . . 9 1 10 1 . . 25 11 1 1 2 . 4 18 . 14 24 6 36 Guns 100 | . 5 . 3 . . . 8 2 2 . . 1 1 10 1 . . 11 1 . 1 . . . . . 1 18 6 29 Cannons 23 | . . . 17 . . 1 3 . . . . . . . . . . 1 1 . . . . . . . . . . . AOE 112 | . 7 4 13 11 . 2 4 . 11 . . 8 . . . . . 13 6 . . . . 4 10 . 7 5 . 7 Classes Destroyed 18 | 1 5 . 4 1 . . . . 2 . . 1 . . . . . . 1 . 1 . . . . . . 2 . . Worker 7 | . 1 . . . . 1 . . . . . . . . . . 2 2 . . . . . . . . . . 1 . Builder 5 | . . . 1 . . . . . . . . . . . . . 2 . . . . . . . . . . . . 2 Hauler 8 | . 1 . 5 . . . 2 . . . . . . . . . . . . . . . . . . . . . . . Recycler 4 | 1 1 . . . . . . . . . . . 1 . . . 1 . . . . . . . . . . . . . Mechanic 3 | . . . 2 . . . . 1 . . . . . . . . . . . . . . . . . . . . . . Watcher 6 | . 1 . 3 . . . . . . . . . . . . . . 1 . . . . . . . . . . 1 . Swarmer 70 | . 3 . 12 3 . . 4 . 4 . . . . . 1 . . 10 5 . . . . 4 6 . 5 5 . 8 Grunt 92 | . 9 4 14 6 . 2 5 1 4 . . 3 . 7 . . . 4 4 . . . . . 7 . 7 5 3 7 Brawler 6 | . . . . 1 . 1 . . 1 . . . . . . . . . . . . . . . 3 . . . . . Duelist 6 | . . . 2 1 . . . . 2 . . . . . . . . 1 . . . . . . . . . . . . Sentry 29 | . . . 6 . . . 6 1 1 . . . . 3 . . . 4 . . . . . . 2 . 1 2 . 3 Demolisher 2 | . . . . . . . . . . . . . . . . . . . . . . . . . . . . 2 . . Hunter 13 | . . . . . . . . . 1 . . . . . . . . . 1 1 . 2 . . . . 2 4 . 2 Programmer 25 | . . . . . . . . . 1 . . . 1 . . . . 6 . . . . . . . . . . 2 15 Behemoth 2 | . . . . . . . . . . . . . . . . . . . 1 . . . . . . . . . . 1 Enhanced Grunt 1 | . . . . . . . . . . . . 1 . . . . . . . . . . . . . . . . . . Striker 6 | . . . . . . . . . . . . . . . . . . . . . . . . . . . . 5 1 . Executioner 2 | . . . . . . . . . . . . . . . . . . . . . 1 . . . . . . 1 . . Thug 3 | . . . . . . . . . . . . 2 . . . . . . . . 1 . . . . . . . . . Butcher 4 | . . . . . . . . . . . . 3 . . 1 . . . . . . . . . . . . . . . Mutant 1 | . . . . . . . . . . . . 1 . . . . . . . . . . . . . . . . . . Best Kill Streak 9 | 1 3 2 7 3 . 4 3 2 9 . . 5 2 2 1 . 4 5 4 1 1 2 . 4 9 . 6 7 3 7 Combat Bots Only 9 | . 3 2 7 3 . 3 3 2 9 . . 5 1 2 1 . . 5 4 1 1 2 . 4 9 . 6 7 2 7 Max Kills in Single Turn 3 | 1 2 1 3 3 . 1 2 1 3 . . 3 1 1 1 . 3 3 1 1 1 1 . 2 3 . 2 2 1 3 Gunslinging 2 | . . . . . . . . . . . . . . . . . . . . . . . . . . . . . . 2 Exploded 3 | . 2 1 2 3 . 1 2 . 3 . . 3 . . . . . 3 1 . . . . 2 3 . 2 2 . 2 Melee . | . . . . . . . . . . . . . . . . . . . . . . . . . . . . . . . Uniques/NPCs Destroyed . | . . . . . . . . . . . . . . . . . . . . . . . . . . . . . . . Combat | -11 -10 -10 -9 -9 -9 -8 -8 -7 -7 -7 -7 -6 -6 -6 -6 -6 -6 -5 -5 -5 -5 -4 -4 -4 -4 -4 -3 -3 -2 -1 -------- Run | Scr Mat Min Mat Min Exi Min Mat Fac Low Low Dat Pro Fac Ext Cet Arc Hub Fac Upp Upp War Pro Fac Upp Upp Zhi Pro Res Res Acc Damage Taken 20826 | . 575 14 938 239 . 42 568 310 875 . . 482 . 1586 77 56 96 876 611 86 96 79 . 144 627 . 847 5673 915 5014 Core 1135 | . 81 14 181 12 . . 43 18 84 . . 9 . 125 . . . 78 14 15 54 4 . . 32 . 27 161 . 183 Absorbed by Shields 1098 | . . . . . . . . . . . . . . 62 23 18 . 247 222 33 29 29 . 53 231 . 151 . . . Reduced by Siege Mode 907 | . . . . . . . . . . . . . . . . . . 41 21 . . . . . 14 . 34 400 107 290 Core Remaining (%) 83 | 100 . 62 . . . 51 92 . . . . 84 . . . . 85 . . . . 83 . . . . 94 82 100 88 Volleys Fired 658 | 3 40 7 70 11 . 5 40 5 22 . . 21 2 60 3 5 2 59 28 7 6 4 . 5 23 . 31 62 20 117 Largest 4 | 2 2 1 2 1 . 1 3 4 4 . . 3 4 4 4 1 1 4 4 1 4 1 . 1 1 . 3 4 4 4 Hottest 240 | 40 40 30 112 30 . 56 106 143 101 . . 63 70 88 240 48 35 132 124 46 122 46 . 46 46 . 98 141 240 240 Shots Fired 1483 | 6 69 7 116 11 . 5 110 18 52 . . 28 8 162 10 7 2 150 47 8 23 4 . 5 23 . 35 215 75 287 Gun 1127 | 6 60 . 14 . . . 82 18 41 . . 12 8 146 8 2 2 124 25 1 23 . . . . . 6 202 75 272 Cannon 117 | . . . 87 . . 1 23 . . . . . . . 2 1 . 2 1 . . . . . . . . . . . Launcher 217 | . 9 7 15 11 . 4 5 . 11 . . 16 . 3 . . . 24 21 7 . 4 . 5 20 . 29 13 . 13 Special 22 | . . . . . . . . . . . . . . 13 . 4 . . . . . . . . 3 . . . . 2 Kinetic 1073 | 6 60 . 14 . . . 70 8 41 . . 12 8 146 9 3 2 126 26 1 23 . . . . . 6 196 74 242 Thermal 32 | . . . . . . . . . . . . . . . 1 . . . . . . . . . . . . . 1 30 Explosive 96 | . 9 7 15 11 . 4 5 . 11 . . 16 . 3 . . . 9 3 2 . . . . . . . . . 1 Electromagnetic 254 | . . . 87 . . 1 35 10 . . . . . . . . . 15 18 5 . 4 . 5 20 . 29 13 . 12 Entropic 6 | . . . . . . . . . . . . . . . . . . . . . . . . . . . . 6 . . Robot Hit Streak 40 | 3 8 4 30 31 . 4 21 23 17 . . 12 5 28 17 18 . 40 22 5 6 9 . 2 10 . 6 20 32 29 Robot Miss Streak 4 | 1 3 . 1 . . 1 4 1 2 . . 2 1 2 . 1 . 3 1 1 2 1 . 2 1 . 3 3 1 4 Penetration Max 2 | . . . . . . . . 1 . . . . . . 1 . . 1 . . 1 . . . . . . 1 . 2 Secondary Targets 23 | . 1 . . . . . 1 1 . . . . . . . . . . . . . . . . . . . 9 2 9 Max Gunslinging Chain 2 | . 1 . . . . . 1 1 . . . . . . . . . . . . . . . . . . . 1 1 2 Shots Hit Robots 1059 | 5 47 2 89 7 . 4 79 14 35 . . 19 6 122 2 4 . 106 30 2 16 3 . 3 20 . 25 162 61 196 Core Hits 614 | 2 24 9 58 18 . 8 28 10 40 . . 37 4 33 5 . 9 55 16 . 9 2 . 5 26 . 33 65 20 98 Critical Hits 61 | . . . . . . . 1 . . . . . . 1 1 . . 7 3 . 2 . . . . . 1 6 3 36 Critical Kills 19 | . . . . . . . . . . . . . . 1 . . . 3 . . . . . . . . 1 2 1 11 Critical Parts Destroyed 38 | . . . . . . . 1 . . . . . . . 1 . . 4 1 . 2 . . . . . . 3 1 25 Melee Attacks 80 | . . . . . . . 4 . . 1 . . 14 . . . 3 16 . . . . 5 . . . 10 18 3 6 Impact 4 | . . . . . . . 4 . . . . . . . . . . . . . . . . . . . . . . . Slashing 76 | . . . . . . . . . . 1 . . 14 . . . 3 16 . . . . 5 . . . 10 18 3 6 Piercing . | . . . . . . . . . . . . . . . . . . . . . . . . . . . . . . . Sneak Attacks . | . . . . . . . . . . . . . . . . . . . . . . . . . . . . . . . Combat Hostiles . | . . . . . . . . . . . . . . . . . . . . . . . . . . . . . . . Follow-up Attacks . | . . . . . . . . . . . . . . . . . . . . . . . . . . . . . . . Damage Inflicted 36148 | 64 1095 202 3179 693 . 336 1541 234 1403 . . 1711 114 1866 173 56 702 3369 1395 118 544 265 . 335 1691 . 2803 5052 1752 5455 Guns 18753 | 64 559 . 135 . . . 845 234 304 . . 137 114 1866 152 25 22 2395 494 . 505 . . . . . 52 4164 1752 4934 Cannons 2247 | . . . 1619 . . 20 474 . . . . . . . 21 31 . 57 25 . . . . . . . . . . . Explosions 13954 | . 536 202 1425 693 . 316 222 . 1099 . . 1574 . . . . 680 917 876 118 . 265 . 335 1691 . 1596 888 . 521 Melee 1155 | . . . . . . . . . . . . . . . . . . . . . . . . . . . 1155 . . . Ramming 39 | . . . . . . . . . . . . . . . . . . . . . 39 . . . . . . . . . Kinetic 18078 | 64 559 . 135 . . . 659 96 304 . . 137 114 1866 173 56 22 2452 519 . 505 . . . . . 52 3867 1752 4746 Thermal 1330 | . . . 200 . . . 146 . . . . . . . . . . 206 . . . . . 64 230 . . 296 . 188 Explosive 5826 | . 536 202 1225 693 . 316 76 . 1099 . . 1574 . . . . . . 99 . . . . . . . . . . 6 Electromagnetic 9423 | . . . 1619 . . 20 660 138 . . . . . . . . 680 711 777 118 . 265 . 271 1461 . 1596 592 . 515 Impact . | . . . . . . . . . . . . . . . . . . . . . . . . . . . . . . . Slashing 1155 | . . . . . . . . . . . . . . . . . . . . . . . . . . . 1155 . . . Piercing . | . . . . . . . . . . . . . . . . . . . . . . . . . . . . . . . Entropic 297 | . . . . . . . . . . . . . . . . . . . . . . . . . . . . 297 . . Highest Corruption 27 | . 2 2 . . . . . . 2 2 2 5 . 7 7 7 7 7 7 8 8 . . . 1 1 1 1 6 27 Average Corruption 5 | . 2 2 . . . . . . 2 2 2 2 . 6 7 7 7 5 7 8 8 . . . 1 1 1 1 5 15 Corruption Purged . | . . . . . . . . . . . . . . . . . . . . . . . . . . . . . . . Effects 417 | . 15 4 . . . . . . 15 7 2 16 . 54 19 31 6 43 29 15 . . . . 4 . 6 2 26 123 Message Errors 95 | . 5 2 . . . . . . 9 2 . 4 . 15 5 6 . 14 2 3 . . . . 1 . 3 1 6 17 Matter Fused 62 | . . . . . . . . . . . . 2 . 8 5 10 2 9 7 4 . . . . . . . . 3 12 Heat Flow Errors 52 | . 4 . . . . . . . 3 3 2 3 . 7 4 4 2 3 2 4 . . . . . . . . 5 6 Energy Discharges 49 | . 3 1 . . . . . . . . . 3 . 5 1 5 2 5 7 1 . . . . 1 . 1 1 6 7 Parts Rejected 3 | . . . . . . . . . . . . . . . . . . . 1 . . . . . . . . . . 2 Data Loss (minor) 44 | . 2 1 . . . . . . 2 2 . 2 . 8 2 3 . 4 4 1 . . . . 2 . 1 . 2 8 Data Loss (major) 7 | . . . . . . . . . . . . . . 1 1 1 . . 1 . . . . . . . . . 1 2 Misfires 10 | . . . . . . . . . . . . 1 . 3 1 2 . . 2 1 . . . . . . . . . . Alerts 2 | . . . . . . . . . . . . . . . . . . . . . . . . . . . . . . 2 Misdirections 7 | . . . . . . . . . . . . . . . . . . . . . . . . . . . . . . 7 Targeting Errors 65 | . . . . . . . . . 1 . . 1 . 5 . . . 8 2 1 . . . . . . 1 . 2 44 Weapon Failures 21 | . 1 . . . . . . . . . . . . 2 . . . . 1 . . . . . . . . . 1 16 Overload Shots 5 | . . . . . . . . . . . . . . . 1 . . . . . . . . . . . . . 1 3 Overflow Damage 973 | . 2 . 129 2 . . 4 . 42 . . 53 . . . . 58 19 36 2 . 21 . 24 12 . 552 17 . . Projectiles 16 | . . . 12 . . . 4 . . . . . . . . . . . . . . . . . . . . . . . Explosions 439 | . 2 . 117 2 . . . . 42 . . 53 . . . . 58 19 36 2 . 21 . 24 12 . 34 17 . . Melee 518 | . . . . . . . . . . . . . . . . . . . . . . . . . . . 518 . . . Knockbacks . | . . . . . . . . . . . . . . . . . . . . . . . . . . . . . . . Impact . | . . . . . . . . . . . . . . . . . . . . . . . . . . . . . . . Kinetic . | . . . . . . . . . . . . . . . . . . . . . . . . . . . . . . . Secondary . | . . . . . . . . . . . . . . . . . . . . . . . . . . . . . . . Self-Inflicted Damage 1028 | . . . 117 100 . 13 52 . 116 . . 118 . . . . 97 88 30 19 . 38 . 48 116 . 19 15 . 42 Shots 57 | . . . 6 4 . 1 2 . 7 . . 5 . . . . 1 3 3 1 . 4 . 2 8 . 2 1 . 7 Rammed 1 | . . . . . . . . . . . . . . . . . . . . . 1 . . . . . . . . . Targets Rammed 1 | . . . . . . . . . . . . . . . . . . . . . 1 . . . . . . . . . Kicked . | . . . . . . . . . . . . . . . . . . . . . . . . . . . . . . . Crushed . | . . . . . . . . . . . . . . . . . . . . . . . . . . . . . . . Highest Temperature 360 | . 271 5 287 8 . 18 265 209 238 275 273 260 16 200 227 247 285 360 303 248 130 . . 16 60 . . 199 202 334 Average Temperature 76 | . 105 3 76 4 . 6 86 95 54 123 126 82 12 61 91 105 144 104 82 87 49 . . 9 23 . . 54 66 51 Received Heat Transfer 2267 | . 246 9 288 72 . 18 171 87 117 . . 117 . 429 . . . 82 108 . 15 . . . 73 . 18 93 90 234 Effects 14 | . . . . . . . 1 . 1 . . . . 2 . . 3 4 . . . . . . . . . . . 3 Shutdowns 1 | . . . . . . . . . . . . . . . . . . 1 . . . . . . . . . . . . Energy Bleed 2 | . . . . . . . 1 . . . . . . . . . . 1 . . . . . . . . . . . . Interference 11 | . . . . . . . . . 1 . . . . 2 . . 3 2 . . . . . . . . . . . 3 Siege Activations 33 | . . . . . . . . . . . . . . . . . . 11 1 . 1 . . . 3 . 2 6 4 5 Total Turns 560 | . . . . . . . . . . . . . . . . . . 152 21 . 29 . . . 22 . 26 129 62 119 Longest Duration 51 | . . . . . . . . . . . . . . . . . . 22 21 . 29 . . . 10 . 14 50 19 51 Robots Corrupted 25 | . . . 2 . . . 1 . . . . . . . . . 1 . 3 1 . 2 . . 8 . 6 1 . . Combat Hostiles 22 | . . . 1 . . . . . . . . . . . . . . . 3 1 . 2 . . 8 . 6 1 . . Parts Fried 53 | . . . 5 . . . 2 . . . . . . . . . 3 7 6 2 . 1 . 1 7 . 16 2 . 1 Impact Corruptions . | . . . . . . . . . . . . . . . . . . . . . . . . . . . . . . . Robots Melted . | . . . . . . . . . . . . . . . . . . . . . . . . . . . . . . . Combat Hostiles . | . . . . . . . . . . . . . . . . . . . . . . . . . . . . . . . Parts Melted 7 | . . . . . . . . . . . . . . . 3 . . . . . 1 . . . . . . . . 3 Heat Transferred 1287 | . . . 150 . . . 200 . . . . . . . . . . 187 . . . . . 100 300 . . 200 . 150 Parts Sabotaged . | . . . . . . . . . . . . . . . . . . . . . . . . . . . . . . . Parts Stolen . | . . . . . . . . . . . . . . . . . . . . . . . . . . . . . . . Parts Stripped . | . . . . . . . . . . . . . . . . . . . . . . . . . . . . . . . Power Chain Reactions 19 | . . . 2 . . . 3 . . . . . . . . . . 6 . . . . . 2 2 . . 2 . 2 Missiles Intercepted . | . . . . . . . . . . . . . . . . . . . . . . . . . . . . . . . Alert | -11 -10 -10 -9 -9 -9 -8 -8 -7 -7 -7 -7 -6 -6 -6 -6 -6 -6 -5 -5 -5 -5 -4 -4 -4 -4 -4 -3 -3 -2 -1 ------- Run | Scr Mat Min Mat Min Exi Min Mat Fac Low Low Dat Pro Fac Ext Cet Arc Hub Fac Upp Upp War Pro Fac Upp Upp Zhi Pro Res Res Acc Peak Influence 908 | 5 254 223 698 434 . 94 228 166 . . . . 41 401 812 505 461 450 . . . . 24 . . . . 282 319 908 Initial 324 | . 3 78 86 239 . . . 103 . . . . . . 36 324 53 225 . . . . . . . . . 39 158 83 Average 210 | 1 86 188 466 255 . 77 76 122 . . . . 4 176 527 333 129 217 . . . . 10 . . . . 60 216 375 Maximum Alert Level 3 | . 1 1 2 2 . . 1 . . . . . . 2 3 2 2 2 . . . . . . . . . 1 1 3 Low Security (%) 57 | 100 91 52 7 27 . 100 90 100 . . . . 100 59 7 24 68 39 . . . . 100 . . . . 97 45 39 Level 1 26 | . 8 47 36 66 . . 9 . . . . . . 37 1 43 30 49 . . . . . . . . . 2 54 12 Level 2 13 | . . . 55 5 . . . . . . . . . 2 69 32 1 11 . . . . . . . . . . . 33 Level 3 2 | . . . . . . . . . . . . . . . 21 . . . . . . . . . . . . . . 14 Level 4 . | . . . . . . . . . . . . . . . . . . . . . . . . . . . . . . . Level 5 . | . . . . . . . . . . . . . . . . . . . . . . . . . . . . . . . High Security . | . . . . . . . . . . . . . . . . . . . . . . . . . . . . . . . Max Security . | . . . . . . . . . . . . . . . . . . . . . . . . . . . . . . . Squads Dispatched 42 | . 3 . 5 . . . 1 1 . . . . 1 1 . . . 5 . . . . . . 1 . . 7 1 16 Investigation 11 | . 3 . 3 . . . 1 . . . . . . 1 . . . . . . . . . . . . . 2 . 1 Extermination 8 | . . . . . . . . . . . . . 1 . . . . 3 . . . . . . . . . . . 4 Reinforcement 13 | . . . 1 . . . . 1 . . . . . . . . . 2 . . . . . . . . . 5 1 3 Assault 3 | . . . 1 . . . . . . . . . . . . . . . . . . . . . 1 . . . . 1 Garrison 7 | . . . . . . . . . . . . . . . . . . . . . . . . . . . . . . 7 Intercept . | . . . . . . . . . . . . . . . . . . . . . . . . . . . . . . . Construction Impeded 2 | . . . 1 . . . . . . . . . . . . . . . . . . . . . . . . . . 1 Haulers Reinforced . | . . . . . . . . . . . . . . . . . . . . . . . . . . . . . . . Stealth | -11 -10 -10 -9 -9 -9 -8 -8 -7 -7 -7 -7 -6 -6 -6 -6 -6 -6 -5 -5 -5 -5 -4 -4 -4 -4 -4 -3 -3 -2 -1 --------- Run | Scr Mat Min Mat Min Exi Min Mat Fac Low Low Dat Pro Fac Ext Cet Arc Hub Fac Upp Upp War Pro Fac Upp Upp Zhi Pro Res Res Acc Distress Signals 22 | . 2 . 2 . . . 3 . . . . . . 1 2 1 1 1 . . 1 . . . . . . 4 2 2 Communications Jammed . | . . . . . . . . . . . . . . . . . . . . . . . . . . . . . . . Distress Signals . | . . . . . . . . . . . . . . . . . . . . . . . . . . . . . . . Times Spotted 442 | . 30 4 46 10 . 3 21 4 16 . . 13 1 25 29 9 . 25 13 1 33 1 . 4 20 . 16 50 12 56 Peak Tracking Total 12 | . 4 2 6 3 . 3 5 2 10 . . 5 1 8 12 1 2 6 5 1 12 2 . 4 9 . 5 6 4 7 Tactical Retreats 20 | . 4 . . . . . 2 . 1 . . . . 4 . . . . 1 . . . . . . . 1 2 . 5 Traps | -11 -10 -10 -9 -9 -9 -8 -8 -7 -7 -7 -7 -6 -6 -6 -6 -6 -6 -5 -5 -5 -5 -4 -4 -4 -4 -4 -3 -3 -2 -1 ------- Run | Scr Mat Min Mat Min Exi Min Mat Fac Low Low Dat Pro Fac Ext Cet Arc Hub Fac Upp Upp War Pro Fac Upp Upp Zhi Pro Res Res Acc Traps Triggered 32 | . 4 . 2 . . . . . . . . . . 10 . . . 7 . . . . . . . . . 7 . 2 Indirectly 4 | . . . . . . . . . . . . . . . . . . 4 . . . . . . . . . . . . Trap Hack Attempts . | . . . . . . . . . . . . . . . . . . . . . . . . . . . . . . . Triggered . | . . . . . . . . . . . . . . . . . . . . . . . . . . . . . . . Disarmed . | . . . . . . . . . . . . . . . . . . . . . . . . . . . . . . . Reprogrammed . | . . . . . . . . . . . . . . . . . . . . . . . . . . . . . . . Reused . | . . . . . . . . . . . . . . . . . . . . . . . . . . . . . . . Traps Extracted . | . . . . . . . . . . . . . . . . . . . . . . . . . . . . . . . Installed . | . . . . . . . . . . . . . . . . . . . . . . . . . . . . . . . Triggered 19 | . . 1 . . . . . . . . . . . . . . . . 1 5 11 . . 1 . . . . . . Machines | -11 -10 -10 -9 -9 -9 -8 -8 -7 -7 -7 -7 -6 -6 -6 -6 -6 -6 -5 -5 -5 -5 -4 -4 -4 -4 -4 -3 -3 -2 -1 ---------- Run | Scr Mat Min Mat Min Exi Min Mat Fac Low Low Dat Pro Fac Ext Cet Arc Hub Fac Upp Upp War Pro Fac Upp Upp Zhi Pro Res Res Acc Machines Disabled 29 | . . 2 2 . . . 1 . 2 . . . . 1 1 2 7 2 . . . . . . 2 . . 2 1 4 Max in Single Turn 7 | . . 1 1 . . . 1 . 1 . . . . 1 1 . 7 1 . . . . . . 1 . . 1 1 1 Garrison Access 3 | . . . . . . . . 1 . . . . . . . . . . . . . . . . . . . 1 1 . Network Hub 1 | . . . . . . . . . . . . . . . . . 1 . . . . . . . . . . . . . Energy Cycler 1 | . . . . . . . . . . . . . . . . . . . . . . . . . . . . . . 1 Machines Sabotaged . | . . . . . . . . . . . . . . . . . . . . . . . . . . . . . . . Garrisons Compromised . | . . . . . . . . . . . . . . . . . . . . . . . . . . . . . . . Overloaded Fab Kills . | . . . . . . . . . . . . . . . . . . . . . . . . . . . . . . . Fab Network Shutdowns . | . . . . . . . . . . . . . . . . . . . . . . . . . . . . . . . Hacking | -11 -10 -10 -9 -9 -9 -8 -8 -7 -7 -7 -7 -6 -6 -6 -6 -6 -6 -5 -5 -5 -5 -4 -4 -4 -4 -4 -3 -3 -2 -1 --------- Run | Scr Mat Min Mat Min Exi Min Mat Fac Low Low Dat Pro Fac Ext Cet Arc Hub Fac Upp Upp War Pro Fac Upp Upp Zhi Pro Res Res Acc Machines Accessed 61 | . 9 . 9 . 2 . 7 2 . 1 4 . 2 5 . . 1 3 . . 1 . 2 . . 9 . 2 . 2 Terminals 32 | . 7 . 6 . . . 5 . . . . . 2 5 . . 1 1 . . . . 1 . . . . 2 . 2 Fabricators 3 | . . . . . . . . 1 . . . . . . . . . 1 . . . . 1 . . . . . . . Repair Stations 3 | . . . 1 . . . 1 . . . . . . . . . . 1 . . . . . . . . . . . . Recycling Units 4 | . 2 . 1 . . . 1 . . . . . . . . . . . . . . . . . . . . . . . Scanalyzers 1 | . . . 1 . . . . . . . . . . . . . . . . . . . . . . . . . . . Garrison Access 1 | . . . . . . . . 1 . . . . . . . . . . . . . . . . . . . . . . Total Hacks 180 | . 23 . 27 . 2 . 15 4 . 1 27 . 3 7 . . 1 9 . . 1 . 3 . . 48 . 6 . 3 Successful 139 | . 12 . 19 . 2 . 9 4 . 1 27 . 3 2 . . 1 5 . . 1 . 2 . . 48 . 2 . 1 Failed 40 | . 10 . 8 . . . 6 . . . . . . 5 . . . 4 . . . . 1 . . . . 4 . 2 Catastrophic 6 | . . . 2 . . . . . . . . . . 1 . . . . . . . . . . . . . 1 . 2 Database Lockouts 1 | . 1 . . . . . . . . . . . . . . . . . . . . . . . . . . . . . Manual 39 | . 12 . 8 . 1 . 2 . . . . . 1 6 1 . . 4 . . 1 . . . . . . 2 . 1 Terminals 71 | . 21 . 16 . . . 9 . . . . . 3 7 . . 1 4 . . . . 1 . . . . 6 . 3 Fabricators 7 | . . . . . . . . 3 . . . . . . . . . 2 . . . . 2 . . . . . . . Repair Stations 11 | . . . 3 . . . 5 . . . . . . . . . . 3 . . . . . . . . . . . . Recycling Units 4 | . 2 . 1 . . . 1 . . . . . . . . . . . . . . . . . . . . . . . Scanalyzers 7 | . . . 7 . . . . . . . . . . . . . . . . . . . . . . . . . . . Garrison Access 1 | . . . . . . . . 1 . . . . . . . . . . . . . . . . . . . . . . Terminal Hacks 107 | . 10 . 9 . 2 . 4 . . 1 27 . 3 . . . 1 . . . 1 . . . . 48 . 1 . . Record 48 | . . . . . 1 . . . . . 11 . . . . . . . . . . . . . . 36 . . . . Part Schematic 12 | . . . 2 . . . . . . . 6 . . . . . . . . . . . . . . 4 . . . . Robot Schematic 7 | . . . . . . . . . . . 7 . . . . . . . . . . . . . . . . . . . Robot Analysis 9 | . 4 . 1 . . . . . . . . . . . . . . . . . . . . . . 4 . . . . Prototype ID Bank 9 | . 1 . 1 . . . . . . . 3 . . . . . . . . . . . . . . 4 . . . . Open Door 2 | . . . . . . . . . . 1 . . . . . . . . . . 1 . . . . . . . . . Branch Access Points 3 | . . . 1 . . . 1 . . . . . 1 . . . . . . . . . . . . . . . . . Emergency Access Points 3 | . 1 . . . . . 1 . . . . . . . . . . . . . . . . . . . . 1 . . Alert Level 1 | . . . . . . . . . . . . . 1 . . . . . . . . . . . . . . . . . Unreport Threat 1 | . . . . . . . . . . . . . 1 . . . . . . . . . . . . . . . . . Locate Traps 1 | . 1 . . . . . . . . . . . . . . . . . . . . . . . . . . . . . Hauler Manifests 3 | . 1 . 1 . . . 1 . . . . . . . . . . . . . . . . . . . . . . . Registered Components 2 | . 1 . 1 . . . . . . . . . . . . . . . . . . . . . . . . . . . Zone Layout 5 | . 1 . 2 . . . 1 . . . . . . . . . 1 . . . . . . . . . . . . . EX-Prototype ID Bank 1 | . . . . . 1 . . . . . . . . . . . . . . . . . . . . . . . . . Fabricator Hacks 7 | . . . . . . . . 3 . . . . . . . . . 2 . . . . 2 . . . . . . . Network Status 1 | . . . . . . . . 1 . . . . . . . . . . . . . . . . . . . . . . Load Schematic 3 | . . . . . . . . 1 . . . . . . . . . 1 . . . . 1 . . . . . . . Build 3 | . . . . . . . . 1 . . . . . . . . . 1 . . . . 1 . . . . . . . Repair Station Hacks 9 | . . . 3 . . . 4 . . . . . . . . . . 2 . . . . . . . . . . . . Scan Component 5 | . . . 2 . . . 2 . . . . . . . . . . 1 . . . . . . . . . . . . Repair 4 | . . . 1 . . . 2 . . . . . . . . . . 1 . . . . . . . . . . . . Recycling Unit Hacks . | . . . . . . . . . . . . . . . . . . . . . . . . . . . . . . . Scanalyzer 6 | . . . 6 . . . . . . . . . . . . . . . . . . . . . . . . . . . Insert Component 3 | . . . 3 . . . . . . . . . . . . . . . . . . . . . . . . . . . Analyze 3 | . . . 3 . . . . . . . . . . . . . . . . . . . . . . . . . . . Garrison Access Hacks 1 | . . . . . . . . 1 . . . . . . . . . . . . . . . . . . . . . . Seal Access 1 | . . . . . . . . 1 . . . . . . . . . . . . . . . . . . . . . . Unauthorized Hacks 9 | . 2 . 1 . . . 1 . . . . . . 2 . . . 1 . . . . . . . . . 1 . 1 Terminals 5 | . . . . . . . . . . . . . . 2 . . . 1 . . . . . . . . . 1 . 1 Assimilate 4 | . . . . . . . . . . . . . . 2 . . . 1 . . . . . . . . . 1 . . Search 1 | . . . . . . . . . . . . . . . . . . . . . . . . . . . . . . 1 Fabricators . | . . . . . . . . . . . . . . . . . . . . . . . . . . . . . . . Repair Stations . | . . . . . . . . . . . . . . . . . . . . . . . . . . . . . . . Recycling Units 4 | . 2 . 1 . . . 1 . . . . . . . . . . . . . . . . . . . . . . . Tunnel 4 | . 2 . 1 . . . 1 . . . . . . . . . . . . . . . . . . . . . . . Scanalyzers . | . . . . . . . . . . . . . . . . . . . . . . . . . . . . . . . Garrison Access . | . . . . . . . . . . . . . . . . . . . . . . . . . . . . . . . Data Cores Recovered . | . . . . . . . . . . . . . . . . . . . . . . . . . . . . . . . Used . | . . . . . . . . . . . . . . . . . . . . . . . . . . . . . . . Hacking Detections 28 | . 6 . 6 . . . 5 1 . . . . . 2 1 . . 3 . . . . 2 . . . . 1 . 1 Full Trace Events . | . . . . . . . . . . . . . . . . . . . . . . . . . . . . . . . Feedback Events . | . . . . . . . . . . . . . . . . . . . . . . . . . . . . . . . Feedback Blocked . | . . . . . . . . . . . . . . . . . . . . . . . . . . . . . . . Robot Schematics Acquired 7 | . . . . . . . . . . . 7 . . . . . . . . . . . . . . . . . . . Robots Built . | . . . . . . . . . . . . . . . . . . . . . . . . . . . . . . . Matter . | . . . . . . . . . . . . . . . . . . . . . . . . . . . . . . . Time . | . . . . . . . . . . . . . . . . . . . . . . . . . . . . . . . Total Robot Build Rating . | . . . . . . . . . . . . . . . . . . . . . . . . . . . . . . . Part Schematics Acquired 15 | . . . 5 . . . . . . . 6 . . . . . . . . . . . . . . 4 . . . . Parts Built 4 | . . . . . . . . 2 . . . . . . . . . 1 . . . . 1 . . . . . . . Matter 672 | . . . . . . . . 102 . . . . . . . . . 285 . . . . 285 . . . . . . . Time 203 | . . . . . . . . 51 . . . . . . . . . 76 . . . . 76 . . . . . . . Total Part Build Rating 12 | . . . . . . . . 2 . . . . . . . . . 5 . . . . 5 . . . . . . . Parts Repaired 4 | . . . 1 . . . 2 . . . . . . . . . . 1 . . . . . . . . . . . . Time 134 | . . . 26 . . . 52 . . . . . . . . . . 56 . . . . . . . . . . . . Parts Recycled . | . . . . . . . . . . . . . . . . . . . . . . . . . . . . . . . Recycled Matter . | . . . . . . . . . . . . . . . . . . . . . . . . . . . . . . . Retrieved Matter . | . . . . . . . . . . . . . . . . . . . . . . . . . . . . . . . Retrieved Components . | . . . . . . . . . . . . . . . . . . . . . . . . . . . . . . . Parts Scanalyzed 3 | . . . 3 . . . . . . . . . . . . . . . . . . . . . . . . . . . Part Schematics Acquired 3 | . . . 3 . . . . . . . . . . . . . . . . . . . . . . . . . . . Parts Damaged . | . . . . . . . . . . . . . . . . . . . . . . . . . . . . . . . Bothacking | -11 -10 -10 -9 -9 -9 -8 -8 -7 -7 -7 -7 -6 -6 -6 -6 -6 -6 -5 -5 -5 -5 -4 -4 -4 -4 -4 -3 -3 -2 -1 ------------ Run | Scr Mat Min Mat Min Exi Min Mat Fac Low Low Dat Pro Fac Ext Cet Arc Hub Fac Upp Upp War Pro Fac Upp Upp Zhi Pro Res Res Acc Used RIF Installer . | . . . . . . . . . . . . . . . . . . . . . . . . . . . . . . . Robots Hacked 3 | . . . . . . . . . . . . . . . . 2 . . . . . . . . . . . . . 1 Non-combat 2 | . . . . . . . . . . . . . . . . 2 . . . . . . . . . . . . . . Combat 1 | . . . . . . . . . . . . . . . . . . . . . . . . . . . . . . 1 Robot Hacks Applied 4 | . . . . . . . . . . . . . . . . 3 . . . . . . . . . . . . . 1 parse_system 1 | . . . . . . . . . . . . . . . . . . . . . . . . . . . . . . 1 no_distress 1 | . . . . . . . . . . . . . . . . 1 . . . . . . . . . . . . . . check_alert 2 | . . . . . . . . . . . . . . . . 2 . . . . . . . . . . . . . . Manual 1 | . . . . . . . . . . . . . . . . . . . . . . . . . . . . . . 1 Relay Couplers Released 7 | . . . . . . . . . . . . . . . . . . . . . . . . . . . . 5 2 . Machine Destruction 3 | . . . . . . . . . . . . . . . . . . . . . . . . . . . . 1 2 . Programmers 4 | . . . . . . . . . . . . . . . . . . . . . . . . . . . . 4 . . Robots Rewired 14 | . . . . . . . . . 2 . . . . 10 . . . . . . . . . . 2 . . . . . Allies Hacked 1 | . . . . . . . . . . . . . . . . . . 1 . . . . . . . . . . . . Hacks Repelled . | . . . . . . . . . . . . . . . . . . . . . . . . . . . . . . . Allies | -11 -10 -10 -9 -9 -9 -8 -8 -7 -7 -7 -7 -6 -6 -6 -6 -6 -6 -5 -5 -5 -5 -4 -4 -4 -4 -4 -3 -3 -2 -1 -------- Run | Scr Mat Min Mat Min Exi Min Mat Fac Low Low Dat Pro Fac Ext Cet Arc Hub Fac Upp Upp War Pro Fac Upp Upp Zhi Pro Res Res Acc Total Allies 29 | . . . . . . . . . 2 . . 1 . 16 5 . . 1 . . . . . . 2 . . 1 . 1 Largest Group 16 | . . . . . . . . . 2 . . 1 . 16 16 6 5 1 . . . . . . 2 1 1 1 . 1 Highest-Rated Group 835 | . . . . . . . . . 48 . . 94 . 580 835 417 383 23 . . . . . . 94 47 47 35 . 222 Highest-Rated Ally 222 | . . . . . . . . . 32 . . 94 . 156 156 94 94 23 . . . . . . 47 47 47 35 . 222 Total Orders 11 | . . . . . . . . . . . . . . . 7 3 1 . . . . . . . . . . . . . STAY 4 | . . . . . . . . . . . . . . . 2 1 1 . . . . . . . . . . . . . FOLLOW 3 | . . . . . . . . . . . . . . . 2 1 . . . . . . . . . . . . . . GUARD 4 | . . . . . . . . . . . . . . . 3 1 . . . . . . . . . . . . . . Ally Attacks 299 | . . . . . . . . . 5 . . 18 . 60 116 38 25 . . . . . . . 12 . 8 . . 17 Total Damage 13016 | . . . . . . . . . 92 . . 650 . 3126 4156 1347 1052 . . . . . . . 249 . 193 . . 2151 Kills 77 | . . . . . . . . . 2 . . 4 . 19 31 5 6 . . . . . . . 2 . 1 . . 7 Allies Corrupted 1 | . . . . . . . . . . . . . . . . . . . . . . . . . . . . 1 . . Allies Melted . | . . . . . . . . . . . . . . . . . . . . . . . . . . . . . . . Turrets Deployed 2 | . . . . . . . . . . . . . . 2 . . . . . . . . . . . . . . . . Intel | -11 -10 -10 -9 -9 -9 -8 -8 -7 -7 -7 -7 -6 -6 -6 -6 -6 -6 -5 -5 -5 -5 -4 -4 -4 -4 -4 -3 -3 -2 -1 ------- Run | Scr Mat Min Mat Min Exi Min Mat Fac Low Low Dat Pro Fac Ext Cet Arc Hub Fac Upp Upp War Pro Fac Upp Upp Zhi Pro Res Res Acc Robot Analysis Total 9 | . 4 . 1 . . . . . . . . . . . . . . . . . . . . . . 4 . . . . Derelict Logs Recovered 15 | . . . . 1 . . . . 2 . . 2 . . . . . . 1 3 . 1 . 2 3 . . . . . Drone Launches . | . . . . . . . . . . . . . . . . . . . . . . . . . . . . . . . Drone Recoveries . | . . . . . . . . . . . . . . . . . . . . . . . . . . . . . . . Exploration | -11 -10 -10 -9 -9 -9 -8 -8 -7 -7 -7 -7 -6 -6 -6 -6 -6 -6 -5 -5 -5 -5 -4 -4 -4 -4 -4 -3 -3 -2 -1 ------------- Run | Scr Mat Min Mat Min Exi Min Mat Fac Low Low Dat Pro Fac Ext Cet Arc Hub Fac Upp Upp War Pro Fac Upp Upp Zhi Pro Res Res Acc Turns Passed 32631 | 90 1336 280 1856 1111 939 409 1519 416 2086 1060 195 1405 541 2747 708 1053 173 2434 797 652 684 812 326 510 815 319 1355 2988 1144 1871 Spaces Moved 13976 | 45 655 143 774 536 438 165 468 153 826 422 79 458 247 1342 277 232 68 980 396 334 334 444 129 277 414 158 684 1254 512 732 Core 2 | 2 . . . . . . . . . . . . . . . . . . . . . . . . . . . . . . Treads 13974 | 43 655 143 774 536 438 165 468 153 826 422 79 458 247 1342 277 232 68 980 396 334 334 444 129 277 414 158 684 1254 512 732 Legs . | . . . . . . . . . . . . . . . . . . . . . . . . . . . . . . . Wheels . | . . . . . . . . . . . . . . . . . . . . . . . . . . . . . . . Hover . | . . . . . . . . . . . . . . . . . . . . . . . . . . . . . . . Flight . | . . . . . . . . . . . . . . . . . . . . . . . . . . . . . . . Fastest Speed 50 | 50 160 180 180 200 200 220 220 230 230 250 250 225 182 180 180 180 180 180 180 180 180 180 180 180 180 180 180 180 181 165 Average Speed 193 | 155 171 180 187 200 210 220 221 230 239 250 250 230 182 180 180 180 180 180 180 180 180 180 180 180 180 180 180 202 188 168 Slowest Speed 250 | 160 180 180 200 200 220 220 230 230 250 250 250 250 182 220 180 180 180 180 180 180 180 180 180 180 180 180 180 210 190 181 Overloaded Moves . | . . . . . . . . . . . . . . . . . . . . . . . . . . . . . . . Propulsion Burnouts . | . . . . . . . . . . . . . . . . . . . . . . . . . . . . . . . Robots Hopped 2 | . . . . . . . . . . . . . . 2 . . . . . . . . . . . . . . . . Cave-ins Triggered . | . . . . . . . . . . . . . . . . . . . . . . . . . . . . . . . Teleports 1 | . . . . . . . . . . . . . . . . . . . . . . . . . . . . 1 . . Exploration Rate (%) 51 | 4 96 31 71 98 61 41 35 4 90 57 69 63 9 96 68 86 10 32 68 56 53 67 6 54 56 62 81 49 17 21 Regions Visited 30 Branch Regions 20 Pre-discovered Areas 11 | . 2 . 1 . 1 . 1 . . . 1 . . . . . . . . . . 1 . 1 . 3 . . . . Known Exits Taken 17 | . . . 1 . . . . 1 1 1 1 1 1 . . . . 1 1 1 1 1 1 1 1 1 1 . . . Unknown Exits Taken 13 | 1 1 1 . 1 1 1 1 . . . . . . 1 1 1 1 . . . . . . . . . . 1 1 . Scrap Searched 15 | . . 1 . 2 . 1 . . 4 . . 2 . . . . . . 2 1 . 1 . . 1 . . . . . Spaces Dug 60 | . . . . . . . 4 . . 1 . . 14 . . . 2 15 . . . . 5 . . . . 14 2 3 Terrain Destroyed 965 | . 46 28 100 68 . 27 47 . 36 1 . 120 14 15 . . 164 123 28 15 1 . 5 6 16 . . 45 10 50 Melee 60 | . . . . . . . 4 . . 1 . . 14 . . . 2 15 . . . . 5 . . . . 14 2 3 Projectile 66 | . . . . . . . . . . . . . . . . . . 22 1 . 1 . . . . . . 25 8 9 AOE 839 | . 46 28 100 68 . 27 43 . 36 . . 120 . 15 . . 162 86 27 15 . . . 6 16 . . 6 . 38 Terrain Rammed . | . . . . . . . . . . . . . . . . . . . . . . . . . . . . . . . Walls Destroyed . | . . . . . . . . . . . . . . . . . . . . . . . . . . . . . . . Machines Disabled . | . . . . . . . . . . . . . . . . . . . . . . . . . . . . . . . Actions | -11 -10 -10 -9 -9 -9 -8 -8 -7 -7 -7 -7 -6 -6 -6 -6 -6 -6 -5 -5 -5 -5 -4 -4 -4 -4 -4 -3 -3 -2 -1 --------- Run | Scr Mat Min Mat Min Exi Min Mat Fac Low Low Dat Pro Fac Ext Cet Arc Hub Fac Upp Upp War Pro Fac Upp Upp Zhi Pro Res Res Acc Total 18338 | 56 799 159 1070 566 457 206 877 209 900 427 78 785 314 1580 486 865 111 1514 440 377 402 454 214 284 464 192 753 1526 636 1137 Wait 2967 | . 72 7 144 10 . 35 312 37 12 . . 295 37 132 177 607 31 408 8 34 46 . 77 3 15 26 10 123 72 237 Move 13943 | 44 654 142 773 535 437 164 467 152 825 421 78 457 246 1338 276 231 67 979 395 333 334 443 128 276 413 157 683 1253 511 731 Hop 1 | . . . . . . . . . . . . . . 1 . . . . . . . . . . . . . . . . Pick Up 194 | 2 16 1 37 4 11 1 15 5 6 2 . 4 1 7 10 4 1 11 2 1 2 2 . . 4 2 6 19 11 7 Fast Attach 81 | 7 3 . 4 1 1 . 5 2 . . . . 3 10 3 4 . 5 . . 3 1 1 . 1 4 1 12 4 6 Attach 76 | . 1 . 4 1 . . 3 1 4 1 . 4 2 7 . 2 3 5 3 . . . 1 . 1 . 5 11 3 14 Detach 7 | . . . . . . . . . . . . . 2 1 . . . 1 . . 1 . . . . . . . 1 1 Swap 130 | . 7 1 15 . 1 1 13 2 5 . . . 4 7 2 4 3 17 4 2 4 1 2 . 2 . 3 12 4 14 Drop 165 | . 6 1 23 4 7 . 18 5 4 2 . 4 3 11 15 8 1 7 . . 6 3 . . 5 3 4 14 7 4 Fire 658 | 3 40 7 70 11 . 5 40 5 22 . . 21 2 60 3 5 2 59 28 7 6 4 . 5 23 . 31 62 20 117 Melee 80 | . . . . . . . 4 . . 1 . . 14 . . . 3 16 . . . . 5 . . . 10 18 3 6 Ram . | . . . . . . . . . . . . . . . . . . . . . . . . . . . . . . . Kick . | . . . . . . . . . . . . . . . . . . . . . . . . . . . . . . . Crush . | . . . . . . . . . . . . . . . . . . . . . . . . . . . . . . . Escape Stasis 14 | . . . . . . . . . . . . . . 6 . . . 6 . . . . . . . . . 2 . . Rewire 22 | . . . . . . . . . 22 . . . . . . . . . . . . . . . . . . . . . Trap . | . . . . . . . . . . . . . . . . . . . . . . . . . . . . . . . Miscellaneous . | . . . . . . . . . . . . . . . . . . . . . . . . . . . . . . . Route ------- -11/Scrapyard -10/Materials (discovered 4 exits: *Mat x3 / [*Min]) -10/Mines -9/Materials (discovered 2 exits: *Mat / *Min) -9/Mines (discovered 3 exits: *Mat x2 / *Exi) -9/Exiles -8/Mines -8/Materials -7/Factory -7/Lower Caves -7/Lower Caves -7/Data Miner -6/Proximity Caves -6/Factory (discovered 4 exits: Low x2 / *Ext x2) -6/Extension (discovered 2 exits: *Fac / *Cet) -6/Cetus (discovered 2 exits: *Fac / *Arc) -6/Archives (discovered 2 exits: *Hub x2) -6/Hub_04(d) -5/Factory (discovered 3 exits: *Fac x2 / *Upp) -5/Upper Caves -5/Upper Caves (discovered 2 exits: *Fac / *War) -5/Warlord -4/Proximity Caves -4/Factory (discovered 3 exits: Res x2 / *Upp) -4/Upper Caves -4/Upper Caves (discovered 2 exits: *Res / *Zhi) -4/Zhirov -3/Proximity Caves -3/Research (discovered 2 exits: [*Res] / *Qua) -2/Research -1/Access To Epsilon Eridani History --------- Turn | Location | Event 23 | -11/Scrapyard | Discovered new exit (range 15) 91 | -11/Scrapyard | Entered Materials 187 | -10/Materials | Discovered new exit (range 14) 304 | -10/Materials | Build established: Mutant 310 | -10/Materials | Discovered new exit (range 13) 703 | -10/Materials | Central database locked down 728 | -10/Materials | Discovered new exit (range 12) 1131 | -10/Materials | Discovered new exit (range 16) 1427 | -10/Materials | Entered Mines 1465 | -10/Mines | Discovered new exit (range 10) 1621 | -10/Mines | Assembled infested the area 1631 | -10/Mines | Received a Rocket Launcher from a helpful Derelict 1707 | -10/Mines | Entered Materials 1707 | -9/Materials | Evolved 2 slots: Utility x2 1844 | -9/Materials | Build established: Hauler-Mutant 1898 | -9/Materials | Destroyed 7 combat bots 2197 | -9/Materials | Repaired Hcp. Storage Unit 2907 | -9/Materials | First assault squad dispatched 2948 | -9/Materials | Discovered new exit (range 8) 2952 | -9/Materials | Identified exit to Mines 3563 | -9/Materials | Entered Mines 3649 | -9/Mines | Found a hidden stash of uninstalled traps 3861 | -9/Mines | Discovered new exit (range 6) 3949 | -9/Mines | Learned Materials garrison access intel 4007 | -9/Mines | Found a damaged Exp. Sensor Array with a note attached 4011 | -9/Mines | Found Prototype Device 4250 | -9/Mines | Discovered new exit (range 7) 4662 | -9/Mines | Deemed a non-threat by the Exiles lab entrance 4662 | -9/Mines | Discovered new exit (range 5) 4674 | -9/Mines | Entered Exiles 4722 | -9/Exiles | Met 8R-AWN 4756 | -9/Exiles | Met EX-HEX 4814 | -9/Exiles | Met EX-BIN 4838 | -9/Exiles | Aligned with FarCom system 4840 | -9/Exiles | Given EX-Vault access code 4888 | -9/Exiles | Opened EX-Vault 4900 | -9/Exiles | Found Deploy-a-Sentry 4903 | -9/Exiles | Found Deploy-a-Sentry 4908 | -9/Exiles | Found Deploy-a-Sentry 4951 | -9/Exiles | Warned to stay clear of 0b10 Research branches 5005 | -9/Exiles | Met EX-DEC 5017 | -9/Exiles | Learned location of Zion (-6) 5180 | -9/Exiles | Discovered new exit (range 14) 5613 | -9/Exiles | Left Exiles lab with Deploy-a-Sentry 5613 | -9/Exiles | Entered Mines 6013 | -8/Mines | Discovered new exit (range 4) 6022 | -8/Mines | Entered Materials 6022 | -8/Materials | Evolved 2 slots: Utility x1, Weapon x1 6023 | -8/Materials | Loaded intel: 1 garrison access location 6348 | -8/Materials | Repaired Lgt. Armor Plating 6376 | -8/Materials | Repaired Lgt. Treads 6426 | -8/Materials | Build established: Hauler-Skirmisher 7350 | -8/Materials | Discovered new exit (range 7) 7541 | -8/Materials | Entered Factory 7541 | -7/Factory | Evolved 2 slots: Utility x1, Weapon x1 7618 | -7/Factory | Fabricated Signal Interpreter (x2) 7697 | -7/Factory | Build established: Hauler-Mutant 7820 | -7/Factory | Discovered new exit (range 16) 7853 | -7/Factory | Identified exit to Lower Caves 7957 | -7/Factory | Entered Lower Caves 8155 | -7/Lower Caves | Encountered a Warlord checkpoint 8398 | -7/Lower Caves | Learned Factory trap positions 8471 | -7/Lower Caves | Attracted the attention of an 0b10 outpost 8520 | -7/Lower Caves | Destroyed 9 combat bots 8771 | -7/Lower Caves | Build established: Hauler-Gunner 8861 | -7/Lower Caves | Identified exit to Lower Caves 9460 | -7/Lower Caves | Build established: Hauler-Tank 9682 | -7/Lower Caves | Spotted B-75 Beast 10043 | -7/Lower Caves | Entered another Lower Caves area 10363 | -7/Lower Caves | Spotted B-75 Beast 10741 | -7/Lower Caves | Discovered new exit (range 13) 10776 | -7/Lower Caves | Identified exit to Data Miner 11103 | -7/Lower Caves | Entered Data Miner 11103 | -7/Data Miner | Discovered new exit (range 6) 11151 | -7/Data Miner | Met Data Miner 11196 | -7/Data Miner | Learned location of Section 7 (-2) 11196 | -7/Data Miner | Acquired the access code to Warlord's prototype stash 11237 | -7/Data Miner | Build established: Hauler-Mutant 11238 | -7/Data Miner | Received God Mode back door access code from Data Miner 11293 | -7/Data Miner | Identified exit to Proximity Caves 11298 | -7/Data Miner | Entered Proximity Caves 11316 | -6/Proximity Caves | Identified exit to Factory 11503 | -6/Proximity Caves | Received a Behemoth hack from an annoying Tinkerer 11757 | -6/Proximity Caves | Escorted by Enhanced Grunt 12118 | -6/Proximity Caves | Build established: Hauler-Tank 12282 | -6/Proximity Caves | Learned Factory stockpile data 12541 | -6/Proximity Caves | Attacked by a faux Warlord 12703 | -6/Proximity Caves | Entered Factory 12703 | -6/Factory | Evolved 2 slots: Propulsion x2 12704 | -6/Factory | Loaded intel: 102 trap records 12945 | -6/Factory | Identified exit to Lower Caves 12945 | -6/Factory | Identified exit to Extension 13053 | -6/Factory | Build established: Hauler-Mutant 13244 | -6/Factory | Entered Extension 13274 | -6/Extension | Disrupted transfer network 13379 | -6/Extension | DAS Turret deployed 13381 | -6/Extension | DAS Turret deployed 13384 | -6/Extension | Allies destroyed B-75 Beast 13432 | -6/Extension | Allies destroyed B-75 Beast 13510 | -6/Extension | Lost 3 parts (2n1u) 13962 | -6/Extension | Lost 3 parts (3w) 14218 | -6/Extension | Build established: Hauler-Tank 14644 | -6/Extension | Discovered new exit (range 10) 14646 | -6/Extension | Discovered new exit (range 6) 15253 | -6/Extension | Rescued a captive Derelict 15570 | -6/Extension | Rescued A7 15587 | -6/Extension | Build established: Hauler-Mutant 15669 | -6/Extension | Rescued a captive Derelict 15727 | -6/Extension | Rescued a captive Derelict 15732 | -6/Extension | Rescued a captive Derelict 15799 | -6/Extension | Rescued a captive Derelict 15932 | -6/Extension | Build established: Commander-Mutant 15991 | -6/Extension | Entered Cetus 15991 | -6/Cetus | Accompanied by 16 allies (A7) 15996 | -6/Cetus | Acquired a Cetus Manufacturing Module code from A7 16028 | -6/Cetus | Spotted Cetus Guard 16028 | -6/Cetus | Spotted Cetus Guard 16030 | -6/Cetus | Spotted Cetus Guard 16030 | -6/Cetus | Spotted Cetus Guard 16034 | -6/Cetus | Allies destroyed Cetus Guard 16036 | -6/Cetus | Allies destroyed Cetus Guard 16037 | -6/Cetus | Allies destroyed Cetus Guard 16045 | -6/Cetus | Allies destroyed Cetus Guard 16134 | -6/Cetus | Started Cetus Manufacturing Module 16156 | -6/Cetus | Escorted A7 to Cetus Mainframe 16159 | -6/Cetus | Manufactured an Enhanced Grunt 16184 | -6/Cetus | Manufactured an Enhanced Grunt 16209 | -6/Cetus | Manufactured an Enhanced Grunt 16234 | -6/Cetus | Manufactured an Enhanced Grunt 16259 | -6/Cetus | Manufactured an Enhanced Grunt 16302 | -6/Cetus | Discovered new exit (range 16) 16366 | -6/Cetus | Spotted Cetus Guard 16367 | -6/Cetus | Spotted Cetus Guard 16378 | -6/Cetus | Spotted Cetus Guard 16384 | -6/Cetus | Spotted Cetus Guard 16385 | -6/Cetus | Allies destroyed Cetus Guard 16387 | -6/Cetus | Allies destroyed Cetus Guard 16388 | -6/Cetus | Allies destroyed Cetus Guard 16391 | -6/Cetus | Allies destroyed Cetus Guard 16598 | -6/Cetus | Discovered new exit (range 16) 16600 | -6/Cetus | Extracted ID and sensor layout for unrecognized location from A7's data core 16612 | -6/Cetus | Met Revision 17 16662 | -6/Cetus | Build established: Hauler-Tank 16699 | -6/Cetus | Entered Archives 16699 | -6/Archives | Accompanied by 6 allies 16835 | -6/Archives | Unable to access archive contents 16853 | -6/Archives | Unable to access archive contents 16857 | -6/Archives | Discovered new exit (range 16) 16871 | -6/Archives | Unable to access archive contents 16878 | -6/Archives | Discovered new exit (range 16) 16891 | -6/Archives | Unable to access archive contents 17034 | -6/Archives | Build established: Hauler-Mutant 17752 | -6/Archives | Entered Hub_04(d) 17752 | -6/Hub_04(d) | Accompanied by 5 allies 17799 | -6/Hub_04(d) | Discovered new exit (range 16) 17922 | -6/Hub_04(d) | Network Hub disabled 17925 | -6/Hub_04(d) | Entered Factory 17925 | -5/Factory | Evolved 2 slots: Power x1, Utility x1 18642 | -5/Factory | Discovered new exit (range 15) 18672 | -5/Factory | Identified exit to Factory 18745 | -5/Factory | Build established: Hauler-Tank 19402 | -5/Factory | Discovered exit to Factory (range 9) 19516 | -5/Factory | Fabricated Lgt. Regenerative Plating (x1) 20110 | -5/Factory | Build established: Hauler-Mutant 20147 | -5/Factory | Discovered new exit (range 15) 20206 | -5/Factory | Identified exit to Upper Caves 20298 | -5/Factory | Repaired KE Penetrator 20359 | -5/Factory | Entered Upper Caves 20674 | -5/Upper Caves | Spotted B-75 Beast 20698 | -5/Upper Caves | Destroyed B-75 Beast 21062 | -5/Upper Caves | Discovered new exit (range 15) 21082 | -5/Upper Caves | Identified exit to Upper Caves 21156 | -5/Upper Caves | Entered another Upper Caves area 21157 | -5/Upper Caves | Identified exit to Warlord 21175 | -5/Upper Caves | Discovered exit to Factory (range 12) 21282 | -5/Upper Caves | Learned location of 2 exits from Factory 21307 | -5/Upper Caves | Learned 12 Factory zone layouts 21536 | -5/Upper Caves | Learned location of 1 exit from Factory 21808 | -5/Upper Caves | Entered Warlord 21868 | -5/Warlord | System corruption cleaned by Quarantine Array 21992 | -5/Warlord | Warlord's base attacked by MAIN.C 22082 | -5/Warlord | Met Warlord 22098 | -5/Warlord | Opened Warlord's prototype stash 22105 | -5/Warlord | Found Prototype Reactor 22105 | -5/Warlord | Identified Vortex Chain Reactor 22257 | -5/Warlord | Found Prototype Energy Gun 22260 | -5/Warlord | Found Prototype Energy Gun 22342 | -5/Warlord | Warlord forces counterattacked 22433 | -5/Warlord | Spotted Executioner 22451 | -5/Warlord | Destroyed Executioner 22471 | -5/Warlord | Discovered new exit (range 14) 22491 | -5/Warlord | Identified exit to Proximity Caves 22492 | -5/Warlord | Spotted Striker 22492 | -5/Warlord | Entered Proximity Caves 22685 | -4/Proximity Caves | Build established: Hauler-Tank 23125 | -4/Proximity Caves | Build established: Hauler-Mutant 23202 | -4/Proximity Caves | Discovered exit to Factory (range 15) 23304 | -4/Proximity Caves | Entered Factory 23304 | -4/Factory | Evolved 2 slots: Utility x2 23305 | -4/Factory | Identified exit to Research 23305 | -4/Factory | Identified exit to Upper Caves 23504 | -4/Factory | Fabricated Lgt. Regenerative Plating (x1) 23630 | -4/Factory | Entered Upper Caves 23737 | -4/Upper Caves | Identified exit to Upper Caves 23819 | -4/Upper Caves | Learned location of Quarantine (-3) 24140 | -4/Upper Caves | Entered another Upper Caves area 24142 | -4/Upper Caves | Attracted the attention of an 0b10 outpost 24171 | -4/Upper Caves | Destroyed 9 combat bots 24245 | -4/Upper Caves | Learned Research interactive machine intel 24259 | -4/Upper Caves | Discovered exit to Research (range 12) 24576 | -4/Upper Caves | Attracted the attention of an 0b10 checkpoint 24731 | -4/Upper Caves | Discovered new exit (range 14) 24784 | -4/Upper Caves | Identified exit to Zhirov 24955 | -4/Upper Caves | Entered Zhirov 24955 | -4/Zhirov | Accompanied by 1 ally 24955 | -4/Zhirov | Discovered new exit (range 3) 24988 | -4/Zhirov | Met Zhirov 25027 | -4/Zhirov | Learned location of Testing (-2) 25027 | -4/Zhirov | Learned location of Command (-1) 25065 | -4/Zhirov | Zhirov requested help retrieving the SGEMP Prototype 25102 | -4/Zhirov | Found Alien Artifact 25102 | -4/Zhirov | Identified Integrated Dissipator 25102 | -4/Zhirov | Installed Integrated Dissipator, increased core heat dissipation (+20) 25137 | -4/Zhirov | Found Alien Artifact 25272 | -4/Zhirov | Identified exit to Proximity Caves 25274 | -4/Zhirov | Entered Proximity Caves 25274 | -3/Proximity Caves | Accompanied by 1 ally 26217 | -3/Proximity Caves | Attracted the attention of an 0b10 checkpoint 26603 | -3/Proximity Caves | Discovered exit to Research (range 5) 26625 | -3/Proximity Caves | Identified Vortex Rifle (x2) 26629 | -3/Proximity Caves | Entered Research 26629 | -3/Research | Evolved 2 slots: Power x1, Utility x1 26630 | -3/Research | Loaded intel: 41 interactive machine locations 26829 | -3/Research | Revision forces began assault on 0b10 26939 | -3/Research | Met up with Revision 17++ 27101 | -3/Research | Build established: Hauler-Skirmisher 27329 | -3/Research | Research terminal network offline 27601 | -3/Research | Spotted Striker 27714 | -3/Research | Spotted Striker 27779 | -3/Research | Spotted Executioner 27781 | -3/Research | Spotted Striker 27809 | -3/Research | Destroyed Striker 27862 | -3/Research | Discovered new exit (range 15) 27901 | -3/Research | Identified exit to Quarantine 27933 | -3/Research | Spotted Striker 27934 | -3/Research | Spotted Striker 27954 | -3/Research | Destroyed Striker 27958 | -3/Research | Destroyed Striker 27958 | -3/Research | Spotted Executioner 27962 | -3/Research | Spotted Striker 27975 | -3/Research | Destroyed Executioner 27986 | -3/Research | Destroyed Striker 28010 | -3/Research | Destroyed 7 combat bots 28011 | -3/Research | Lost 5 parts (2p2u1w) 28907 | -3/Research | Found Gamma Bomb Array 28964 | -3/Research | Spotted Striker 29321 | -3/Research | Build established: Hauler-Mutant 29433 | -3/Research | Spotted Striker 29456 | -3/Research | Destroyed Striker 29511 | -3/Research | Spotted Striker 29521 | -3/Research | Spotted Executioner 29522 | -3/Research | Identified Transdimensional Reconstructor 29522 | -3/Research | Warped through subspace 29553 | -3/Research | Lost 4 parts (1p2u1w) 29604 | -3/Research | Discovered new exit (range 4) 29617 | -3/Research | Spotted Striker 29617 | -3/Research | Entered another Research area 29617 | -2/Research | Warlord forces began assault on 0b10 29617 | -2/Research | Evolved 2 slots: Propulsion x2 29727 | -2/Research | Research machine network offline 30020 | -2/Research | Borebot progress halted 30103 | -2/Research | Spotted Striker 30105 | -2/Research | Spotted Striker 30130 | -2/Research | Destroyed Striker 30303 | -2/Research | Discovered new exit (range 15) 30307 | -2/Research | Met up with Warlord 30322 | -2/Research | Borebot progress halted 30399 | -2/Research | Build established: Hauler-Skirmisher 30641 | -2/Research | Warlord invited to help at Command 30761 | -2/Research | Entered Access 30761 | -1/Access | Evolved 2 slots: Utility x2 30908 | -1/Access | Garrison activated, responded to threat 31035 | -1/Access | Build established: Scavenger-Gunner 31250 | -1/Access | Energy Cycler disabled 31383 | -1/Access | Lost 3 parts (2u1w) 31386 | -1/Access | Destroyed 7 combat bots 31596 | -1/Access | Garrison activated, responded to threat 31600 | -1/Access | System corruption reached 10% 32345 | -1/Access | Spotted B-99 Colossus 32347 | -1/Access | Spotted B-99 Colossus 32350 | -1/Access | Befriended a Behemoth using the annoying Tinkerer's hack 32363 | -1/Access | Destroyed B-99 Colossus 32422 | -1/Access | Discovered new exit (range 5) 32551 | -1/Access | First assault squad dispatched 32563 | -1/Access | Garrison activated, responded to threat 32632 | *** | Escaped! Last Messages --------------- 32563_ B-74 Champion unfolds itself. 32566_ Acquired 66 matter. 32566_ G-73 Enforcer suffers critical hit. 32566_ Slug penetrates G-73 Enforcer. 32566_ Slug penetrates Wall. 32566_ Slug penetrates G-73 Enforcer. 32566_ Slug penetrates Wall. 32566_ Slug penetrates G-73 Enforcer. 32570_ G-73 Enforcer destroyed. 32573_ Slug penetrates B-74 Champion. 32573_ Slug penetrates Door. 32577_ Slug penetrates B-74 Champion. 32578_ System corrupted: Matter fused (-8). 32578_ B-99 Colossus activates siege mode. 32579_ Acquired 8 matter. 32582_ K-01 Serf cleans the Main Access Lift. 32602_ System corrupted: Component data lost. 32605_ K-01 Serf collects debris. 32620_ W-44 Eye destroyed. 32625_ System corrupted: Component data lost. Map ----- +----------------------------------------------------+ | ????????????????????????? ?# # #?# | | ?????????????????????????#+#?# # #?# | | ??????????????????????#### ### # #?# | | ??????????????????????# ###########?# | | ??????????????????????+ #???????????# | | ??????????????????????# #???????????# | | ??????????????????????# #???????????#+## | | ??????????????????????# ########?????????????# | | ??????????????????????# #????????????????????# | | ???????????????????#### ####?????????????????? | | ???????????????????# #??????????????????? | | ???????????????????# #??????????????????? | | ???????????????????# #??????????????????? | | ???????????????????# #??????????????## ## | | ??????????????Y????# #??????????????+ | | ???????????????????# #??????????????# | | ???????????????????# #??????????????# ### | | ???????????????????#"""""" ""#??????????????????? | | ?????????????????????????" "????????????????????? | | ?????????????????????????" "????????????????????? | | ???????????????????#"""""" ""#??????????????????? | | ???????????????????# #??????????????????? | | ???????????????????# #??????????????????? | | ??????????? ??????# #??????????????????? | | ??????????? ??????# "" #??????????????????? | | ??????????? ??????# "@ #??????????????????? | | ??????????# #?????# #??????????????????? | | ??????????# #?????# #??????????????????? | | ??????????# #?????# #??????????????????? | | ??????????# #????## BB ##?????????????????? | | ??????????# #????# BB #?????????????????? | | ?########## #????##" ##?????????????????? | | # # #????? " #??????????????????? | | ? # #???? #??????????????????? | | ?? # #??? #??????????????????? | | ???"" "" # #??? #??????????????????? | | ?? ""R"" # ####? # [*#??????????????????? | | # """" "% #""# # =%##?????????????????? | | # %/!i d w *=!| % ???????????? | | # # |%! ??????????? | | ###########+########## # #######+##???????????? | | ?????????? ????????###?????????????????????????? | | ?????????? ???????????????????????????????????? | | ????????? ??????????????????????????????????? | | ????????? ?????????????????????????????????? | | ???????? #????????????????????????????????? | | ???????? #????????????????????????????????? | | ???????# #????????????????????????????????? | | ???????# #????????????????????????????????? | | ???????# #????????????????????????????????? | +----------------------------------------------------+ Best States ------------- Heat Dissipation 91 Coolant Potential 50 Energy Generation 75 Energy Capacity 950 Matter Stores 300 Matter Capacity 300 Sight Range 16 Terrain Scan Density 10 Armor Coverage 1650 Resistance: KI 30 Resistance: EX 50 Resistance: EM 25 Propulsion Shielding 33 Phase Shifting 15 Evasion (%) 55 Targeting Accuracy 6 Target Analysis 8 Armor Integrity Analysis 66 Recoil Reduction 6 Item Schematics ----------------- Hcp. Storage Unit | -9/Materials | Hacked Datajack | -9/Materials | Hacked Signal Interpreter | -9/Materials | Scanalyzed Grenade Launcher | -9/Materials | Scanalyzed Plasma Cutter | -9/Materials | Scanalyzed Combat Drone Bay | -7/Data Miner | Free Lgt. Regenerative Plating | -7/Data Miner | Free Exp. Flexi-carbon Leg | -7/Data Miner | Free Tactical Coordination Suite | -7/Data Miner | Free Exp. ECM Suite | -7/Data Miner | Free Plasma Sword | -7/Data Miner | Free Assault Drone Bay | -4/Zhirov | Free Exp. Heat Sink | -4/Zhirov | Free Exp. Optical Array | -4/Zhirov | Free Imp. Arc Thrower | -4/Zhirov | Free Robot Schematics ------------------ S-27 Virus | -7/Data Miner | Free G-50 Soldier | -7/Data Miner | Free G-67 Veteran | -7/Data Miner | Free L-41 Fighter | -7/Data Miner | Free X-72 Disruptor | -7/Data Miner | Free H-66 Slayer | -7/Data Miner | Free I-36 Angel | -7/Data Miner | Free Fabricated ------------ Signal Interpreter | x2 | -7/Factory Lgt. Regenerative Plating | x1 | -5/Factory Lgt. Regenerative Plating | x1 | -4/Factory Alien Tech Used ----------------- Integrated Dissipator Transdimensional Reconstructor Achievements -------------- All-out Warlord Reappropriation Revolutionary Research Challenges ------------ None Game ------ Seed DispersionSurgeSuite Manual? 0 Play Time 04:32:26 Cumulative 131.2 hours Start 2021.12.11 @ 09:03:07 End 2021.12.12 @ 03:00:33 Sessions 3 Manual Loads 0 Difficulty Rogue Special Mode None Game No. 59 Rogue 59 Adventurer 0 Explorer 0 Win Type 0 Total 3 Types 2/0/0/0/1/0/0/0/0 Lore% 46 Gallery% 65 Achievement% 55 Wizard Run 0 Options --------- ASCII 0 Keyboard 0 Movement Mouse Keybinds 0 Fullscreen 0 Font 28/SmallcapsGlow Map View 72x54 Tactical HUD 1 Map Filters NONE Filters NONE Steam 1 RUN: fe8b02f9-84bb-4854-b141-372aada64644